 Dungeon Crawl Stone Soup version 0.17.1-3-g152610e (webtiles) character file.

429 Jerry the Shield-Bearer (level 7, -6/52 HPs)
             Began as a Formicid Fighter on Mar 18, 2016.
             Mangled by an orc priest
             ... wielding a +2 whip of electrocution
              (14 damage)
             ... on level 4 of the Dungeon on Mar 23, 2016.
             The game lasted 00:14:34 (3766 turns).

Jerry the Shield-Bearer (Formicid Fighter)          Turns: 3766, Time: 00:14:34

Health: -6/52      AC:  7    Str: 23    XL:     7   Next: 19%
Magic:  7/7        EV:  8    Int:  7    God:
Gold:   128        SH: 10    Dex: 10    Spells: 0 memorised, 6 levels left

rFire  . . .     SeeInvis +     a - +0 long sword
rCold  . . .     Clarity  .     b - +0 scale mail
rNeg   . . .     SustAt   .     c - +0 shield
rPois  .         Gourm    .     (helmet unavailable)
rElec  .         Spirit   .     (no cloak)
rCorr  .         Warding  .     (no gloves)
rMut   .         Stasis   +     (no boots)
MR     .....                    (no amulet)
Stlth  ..........               (no ring)
                                (no ring)

@: not resistant to hostile enchantments, extremely unstealthy
A: permanent stasis, dig shafts and tunnels, four strong arms, antennae 3
a: Dig, Shaft Self


You were on level 4 of the Dungeon.
You were not hungry.

You visited 1 branch of the dungeon, and saw 4 of its levels.

You collected 128 gold pieces.

Inventory:

Hand Weapons
 a - a +0 long sword (weapon)
Armour
 b - a +0 scale mail (worn)
 c - a +0 shield (worn)
 i - a +1 pair of gloves
 r - a +0 pair of gloves
Scrolls
 f - a scroll of recharging
 g - a scroll of enchant armour {unknown}
 j - a scroll of fog {unknown}
 l - 5 scrolls of identify {unknown}
 o - 2 scrolls of enchant weapon {unknown}
Potions
 h - 2 potions of haste {unknown}
 k - 2 potions of agility {unknown}
 m - 2 potions of lignification {unknown}
 p - a potion of flight {unknown}
 q - a potion of invisibility {unknown}
 s - a potion of brilliance {unknown}
Comestibles
 d - a slice of pizza
 e - 6 bread rations
 n - 3 fruits
 t - a beef jerky


   Skills:
 - Level 3.2 Fighting
 + Level 4.2 Long Blades
 + Level 5.5 Armour
 + Level 6.1 Shields


You had 6 spell levels left.
You didn't know any spells.

Dungeon Overview and Level Annotations

Branches:
Dungeon (4/15)
 Temple: D:4-7

Altars:
Cheibriados
Okawaru
Xom


Innate Abilities, Weirdness & Mutations

You are under a permanent stasis effect.
You can dig through walls and to a lower floor.
Your four strong arms can wield two-handed weapons with a shield.
You have a pair of large antennae on your head (SInv).


Message History

The orc is heavily wounded.
You block the orc's attack. The orc closely misses you.
You barely miss the orc.
The orc is moderately wounded.
You block the orc's attack. The orc closely misses you.
You barely miss the orc.
The orc is moderately wounded.
You block the orc's attack. The orc hits you with a hand axe.
The orc priest looks braver for a moment.
You slash the orc!
You kill the orc!
You block the orc's attack.
The orc priest mumbles some strange prayers to Beogh against you.
Something smites you!
* * * LOW HITPOINT WARNING * * *
You completely miss the orc. You block the orc's attack.
The orc priest hits you with a whip of electrocution.
* * * LOW HITPOINT WARNING * * *
You are electrocuted!
You die...

#### #.. ##..### ..
#.....### #.#
#.......# #..
#........ ..
###........ #o##
###..........
#oo####...#........
#@##...####.......
#....### ###.....
#..##.# ##.... #.##
... ##... #..#
....# ###. #####
#.## .....# ##
..[.## .. ....%.#
.....# ... .......
....<#####...##.
.......


You could see an orc priest and 2 orcs.

Vanquished Creatures
  An ogre (D:4)
  2 orc priests
  3 orc wizards
  3 worker ants (D:4)
  3 adders
  2 worms
  8 orcs
  A ball python (D:3)
  6 bats
  5 giant cockroaches
  6 goblins
  9 hobgoblins
  7 jackals
  7 kobolds
  3 giant geckos
  3 giant newts
  A jackal skeleton (D:4)
  3 quokkas
  10 rats
83 creatures vanquished.

Notes
Turn   | Place    | Note
--------------------------------------------------------------
     0 | D:1      | Jerry the Formicid Fighter began the quest for the Orb.
     0 | D:1      | Reached XP level 1. HP: 18/18 MP: 1/1
   225 | D:1      | Reached XP level 2. HP: 12/24 MP: 2/2
   851 | D:1      | Reached XP level 3. HP: 29/29 MP: 3/3
   855 | D:1      | Reached skill level 4 in Shields
  1520 | D:2      | Found an iron altar of Okawaru.
  1697 | D:2      | Reached XP level 4. HP: 20/35 MP: 4/4
  2128 | D:3      | Reached XP level 5. HP: 36/41 MP: 5/5
  2227 | D:3      | Reached skill level 5 in Shields
  2456 | D:3      | Found a snail-covered altar of Cheibriados.
  2732 | D:4      | Noticed an ogre
  2743 | D:4      | Killed an ogre
  2743 | D:4      | Reached skill level 5 in Armour
  2743 | D:4      | Reached XP level 6. HP: 35/47 MP: 6/6
  3240 | D:4      | Found a shimmering altar of Xom.
  3404 | D:4      | Reached XP level 7. HP: 11/52 MP: 7/7
  3588 | D:4      | Reached skill level 6 in Shields
  3766 | D:4      | Mangled by an orc priest

Action                   |  1- 3 |  4- 6 |  7- 9 || total
-------------------------+-------+-------+-------++-------
Melee: Long sword        |   129 |   183 |    21 ||   333
  Use: Scroll            |       |     3 |       ||     3
       Potion            |       |     1 |       ||     1
  Eat: Chunk             |     2 |     6 |     2 ||    10
